 Dungeon Crawl Stone Soup version 0.18-a0-1570-gf60b0ab (webtiles) character file.

30 Duffy the Slasher (level 3, -2/29 HPs)
             Began as a Formicid Abyssal Knight on Mar 14, 2016.
             Was a Believer of Lugonu.
             Slain by Robin
             ... wielding a +0 short sword of protection
              (4 damage)
             ... on level 2 of the Dungeon.
             The game lasted 00:00:50 (945 turns).

Duffy the Slasher (Formicid Abyssal Knight)          Turns: 945, Time: 00:00:50

Health: -2/29      AC:  3    Str: 16    XL:     3   Next: 37%
Magic:  4/4        EV: 14    Int: 11    God:    Lugonu [**....]
Gold:   71         SH:  0    Dex: 11    Spells: 0 memorised, 2 levels left

rFire  . . .     SeeInvis +     a - +1 falchion
rCold  . . .     Gourm    .     b - +0 leather armour
rNeg   . . .     Faith    .     (no shield)
rPois  .         Spirit   .     (helmet unavailable)
rElec  .         Dismiss  .     (no cloak)
rCorr  .         Reflect  .     (no gloves)
SustAt .         Harm     .     (no boots)
MR     .....                    (no amulet)
Stlth  +.........               (no ring)
                                j - +3 ring of evasion

@: not resistant to hostile enchantments, very unstealthy
A: permanent stasis, dig shafts and tunnels, four strong arms, antennae 3
a: Dig, Shaft Self, Depart the Abyss, Bend Space, Renounce Religion


You were on level 2 of the Dungeon.
You worshipped Lugonu.
Lugonu was pleased with you.
You were not hungry.

You visited 1 branch of the dungeon, and saw 2 of its levels.
You visited the Abyss 1 time.

You collected 71 gold pieces.


Innate Abilities, Weirdness & Mutations

You are under a permanent stasis effect.
You can dig through walls and to a lower floor.
Your four strong arms can wield two-handed weapons with a shield.
You have a pair of large antennae on your head (SInv).


   Skills:
 - Level 3.2 Fighting
 + Level 3.5 Long Blades
 - Level 2.1 Armour
 - Level 0.8 Dodging
 - Level 2.1 Invocations


You had 2 spell levels left.
You didn't know any spells.

Inventory:

Hand Weapons
 a - a +1 falchion (weapon)
Armour
 b - a +0 leather armour (worn)
Jewellery
 j - a +3 ring of evasion (left hand)
Scrolls
 e - a scroll of fog {unknown}
 h - a scroll of identify {unknown}
 k - a scroll of remove curse {unknown}
Potions
 d - a potion of haste {unknown}
 g - a potion of flight {unknown}
Comestibles
 c - a bread ration
 f - a meat ration
 i - 8 fruits

Dungeon Overview and Level Annotations

Branches:
Dungeon (2/15)

Altars:

Annotations:
D:2 Robin


Message History

The goblin barely misses you. The goblin misses you. x2
The goblin hits you with a dagger.
You hit Robin but do no damage.
Robin is lightly wounded.
The hobgoblin closely misses you. The goblin hits you but does no damage.
The goblin barely misses you. Robin closely misses you. The goblin misses you.
The goblin closely misses you.
You hit Robin but do no damage.
Robin is lightly wounded.
The hobgoblin hits you but does no damage.
The goblin hits you but does no damage. The goblin barely misses you.
The goblin misses you. x2
The hobgoblin hits you but does no damage.
You hit Robin.
Robin is moderately wounded.
The goblin closely misses you. The goblin hits you with a club.
The goblin misses you. The goblin barely misses you.
The hobgoblin closely misses you.
You hit Robin but do no damage.
Robin is moderately wounded.
The goblin hits you but does no damage. The goblin barely misses you. x2
The goblin hits you but does no damage. The hobgoblin misses you.
The goblin hits you but does no damage.
You completely miss Robin.
Robin is moderately wounded.
The goblin hits you but does no damage. The goblin hits you with a dagger.
The goblin closely misses you. The hobgoblin hits you.
The goblin hits you but does no damage.
You hit Robin.
Robin is heavily wounded.
The goblin closely misses you.
Robin roars a battlecry!
The goblin goes into a battle-frenzy!
Robin hits you with a short sword of protection.
You die...

.<...#!
.......
......#
......#
......# #
##......#
#.#ggr....#
#.g@gg.#
#.g#gg.....
#..{.......
#.. ..#####
#.. ... ###
#..# ...
#..#


You could see Robin, a hobgoblin (frenzied), 6 goblins and a rat.

Action                   || total
-------------------------++-------
Melee: Falchion          ||    66

Notes
Turn   | Place    | Note
--------------------------------------------------------------
     0 | Abyss:1  | Duffy the Formicid Abyssal Knight began the quest for the Orb.
     0 | Abyss:1  | Reached XP level 1. HP: 18/18 MP: 2/2
    16 | D:1      | Escaped the Abyss
   213 | D:1      | Reached XP level 2. HP: 17/24 MP: 3/3
   458 | D:1      | Reached skill level 3 in Long Blades
   596 | D:1      | Reached XP level 3. HP: 21/29 MP: 4/4
   617 | D:1      | Reached ** piety under Lugonu
   930 | D:2      | Noticed Robin
   945 | D:2      | Slain by Robin

Vault maps used:
D:1:      saegor_arrival_miasma, minmay_close_crescents
D:2:      first_bread, uniq_robin

Vanquished Creatures
  An ooze
  A dart slug
  A giant gecko
  2 bats
  4 giant cockroaches
  6 goblins
  A hobgoblin
  A ball python
  3 kobolds
  2 rats
22 creatures vanquished.
